 Dungeon Crawl Stone Soup version 0.30-a0-297-g0ec75d9ef4 (webtiles) character file.

Game seed: 2543142259708730171

7 benadryl the Insei (level 2, 0/18 HPs)
             Began as an Octopode Transmuter on Oct 19, 2022.
             Slain by a hobgoblin (5 damage)
             ... on level 1 of the Dungeon.
             The game lasted 00:01:18 (99 turns).

benadryl the Insei (Octopode Transmuter)              Turns: 99, Time: 00:01:18

Health: 0/18       AC:  1    Str:  9    XL:     2   Next: 0%
Magic:  4/5        EV: 13    Int: 15    God:
Gold:   0          SH:  0    Dex: 12    Spells: 4/5 levels left

rFire   . . .      SeeInvis .      - Unarmed
rCold   . . .      Faith    .    (no shield)
rNeg    . . .      Spirit   .    (helmet currently unavailable)
rPois   .          Reflect  .    (no amulet)
rElec   .          Harm     .    (no ring)
rCorr   .          Rampage  .    (no ring)
Will    .....                    (no ring)
Stlth   ++........               (no ring)
HPRegen 0.23/turn                (no ring)
MPRegen 0.09/turn                (no ring)
                                 (no ring)
                                 (no ring)

@: appendages (expiring)
A: tentacle spike 3, almost no armour, amphibious, 8 rings, camouflage 1,
gelatinous body 1, (nimble swimmer 1), tentacles
a: End Transformation


You were on level 1 of the Dungeon.
One of your tentacles had grown a beastly spike.
You visited 1 branch of the dungeon, and saw 1 of its levels.

Inventory:

Scrolls
 b - a scroll of identify {unknown}
 c - a scroll of poison {unknown}
Potions
 a - a potion of lignification
 d - a potion of heal wounds {unknown}


   Skills:
 + Level 1.3 Fighting
 - Level 2.0 Dodging
 * Level 3.3 Unarmed Combat
 - Level 2.0 Spellcasting
 - Level 2.0 Transmutations


You had 4 spell levels left.
You knew the following spells:

 Your Spells              Type           Power      Damage    Failure   Level
a - Beastly Appendage     Tmut           14%        N/A       10%         1

Your spell library contained the following spells:

 Spells                   Type           Power      Damage    Failure   Level
 Wereblood                Tmut           7%         N/A       14%         2
 Spider Form              Tmut/Pois      4%         N/A       41%         3
 Ice Form                 Ice/Tmut       4%         N/A       82%         4


Dungeon Overview and Level Annotations

Branches:
Dungeon (1/15)

Altars:


Innate Abilities, Weirdness & Mutations

One of your tentacles has grown a beastly spike.
You cannot wear most types of armour.
You are amphibious.
You can wear up to eight rings at the same time.
Your skin changes colour to match your surroundings (Stealth+).
Your rubbery body absorbs attacks. (AC +1, EV +1)
((You are camouflaged when in or above water. (Stealth+)))
You have tentacles for arms and can constrict up to eight enemies at once.


Message History

You start resting.
HP restored.
c - a scroll labelled GOUDAO TUDINAU You see here a sedimented brown potion.
d - a sedimented brown potion A goblin comes into view.
It is wielding a +0 club.
The kobold shouts!
The goblin shouts!
You hear a shout!
A goblin and a hobgoblin come into view.
A bat comes into view.
You barely miss the kobold.
The goblin shouts!
Your grab misses the kobold. Your squeeze misses the kobold.
The kobold hits you with a +0 short sword.
You tentacle-slap the kobold. You grab the kobold.
The kobold is heavily wounded.
You constrict the kobold, but do no damage.
The bat barely misses you. The bat misses you.
The kobold hits you with a +0 short sword.
You barely miss the kobold.
The kobold is heavily wounded.
You constrict the kobold.
You kill the kobold!
The bat barely misses you. The bat hits you. x2
You closely miss the goblin. Your grab misses the goblin.
You tentacle-slap the goblin. You squeeze the goblin.
You kill the goblin!
The bat hits you. x2
You have reached level 2!
Casting: Beastly Appendage (safe; 10% risk of failure)
Confirm with . or Enter, or press ? or * to list all spells.
Okay, then.
Sorry, you're not good enough to have a special ability.
Casting: Beastly Appendage (safe; 10% risk of failure)
Confirm with . or Enter, or press ? or * to list all spells.
One of your tentacles grows a vicious spike.
Your transformation is almost over.
The bat hits you.
* * * LOW HITPOINT WARNING * * *
The bat hits you but does no damage. The hobgoblin hits you.
You die...

#.†.....##.#
#.......##.# ##
#.......##.# #..
#.......##.# #..#
#.##.†####.## ..#
.###(..........## #.#
................###..#
.....g..............#
#....#g@...........##
......b........###.##
..##...........# #..####
..##....######....#...~♣
........# ####....~~♣
#....#... ......##♣♣~
......... ####.. ♣♣~
......... ##. ♣≈~ ## ♣≈~


You could see a hobgoblin, a goblin and a bat.

Vanquished Creatures
  A bat (D:1)
  An endoplasm (D:1)
  A kobold (D:1)
  A quokka (D:1)
  A goblin (D:1)
  A rat (D:1)
6 creatures vanquished.

Notes
Turn   | Place    | Note
-------+----------+-------------------------------------------
     0 | D:1      | benadryl the Octopode Transmuter began the quest for the
                  | Orb.
     0 | D:1      | Reached XP level 1. HP: 13/13 MP: 3/3
    98 | D:1      | Reached XP level 2. HP: 6/18 MP: 5/5
    99 | D:1      | Slain by a hobgoblin

Illustrated notes

Levels and vault maps discovered:
D:1:      reono_arrival_forest_river, layout_rooms, skrybe_limestone_x

Action                   || total
-------------------------++-------
Melee: Unarmed           ||    15
       Tentacles         ||     5
       Constrict         ||     4
       Punch             ||     1
 Cast: Beastly Appendage ||     1
 Stab: Sleeping          ||     1
Armor: Skin              ||     1
Dodge: Dodged            ||    11

Table legend: (Time is in decaauts)
 A = Elapsed time spent in this place.
 B = Non-inter-level travel time spent in this place.
 C = Inter-level travel time spent in this place.
 D = Time resting spent in this place.
 E = Time spent auto-exploring this place.
 F = Levels seen in this place.
 G = Mean time per level.
                   A        B        C        D        E       F      G
               +--------+--------+--------+--------+--------+-----+--------+
         Total |     98 |     72 |     26 |     29 |      7 |   1 |   98.0 |
       Dungeon |     98 |     72 |     26 |     29 |      7 |   1 |   98.0 |
               +--------+--------+--------+--------+--------+-----+--------+

Top non-repeatable levels by time:
     D:1: 98 daAuts
